 Dungeon Crawl Stone Soup version 0.26-a0-651-gb41185065b (webtiles) character file.

Game seed: 12150058603476698891

172 Ozzies the Skirmisher (level 5, -11/51 HPs)
             Began as a Deep Dwarf Fighter on Oct 6, 2020.
             Was an Initiate of Makhleb.
             Mangled by Harold
             ... wielding a +4 war axe of flaming
              (14 damage)
             ... on level 7 of the Dungeon.
             The game lasted 00:03:55 (2980 turns).

Ozzies the Skirmisher (Deep Dwarf Fighter)          Turns: 2980, Time: 00:03:56

Health: -11/51     AC: 14    Str: 20    XL:     5   Next: 27%
Magic:  4/4        EV:  3    Int:  9    God:    Makhleb [......]
Gold:   217        SH:  9    Dex: 12    Spells: 4/4 levels left

rFire    . . .     SeeInvis .   r - +2 mace (holy)
rCold    . . .     Faith    .   c - +0 kite shield
rNeg     . . .     Spirit   .   u - +0 plate armour
rPois    .         Reflect  .   (no helmet)
rElec    .         Harm     .   (no cloak)
rCorr    .         Rampage  .   j - +2 pair of gloves
MR       .....                  (no boots)
Stlth    ..........             (no amulet)
HPRegen  0.00/turn              (no ring)
MPRegen  0.09/turn              (no ring)

@: marked, non-regenerating
A: damage resistance, heal wounds, sense surroundings 1, no regeneration
a: Heal Wounds, Renounce Religion


You were on level 7 of the Dungeon.
You worshipped Makhleb.
Makhleb was noncommittal.
You visited 1 branch of the dungeon, and saw 5 of its levels.

You collected 217 gold pieces.

Inventory:

Hand Weapons
 a - a +0 war axe
 r - a +2 mace of holy wrath (weapon)
Missiles
 f - 265 stones (quivered)
 n - 49 sling bullets
Armour
 b - a +0 scale mail
 c - a +0 kite shield (worn)
 j - a +2 pair of gloves (worn)
 u - a +0 plate armour (worn)
Jewellery
 s - a +4 ring of protection {unknown}
 t - an uncursed amulet of magic regeneration {unknown}
Scrolls
 i - a scroll of immolation {unknown}
 k - 5 scrolls of identify {unknown}
 l - a scroll of blinking {unknown}
 o - a scroll of magic mapping {unknown}
 p - a scroll of amnesia {unknown}
 q - a scroll of noise {unknown}
 v - a scroll of fear {unknown}
 w - 2 scrolls of teleportation {unknown}
 x - a scroll of remove curse {unknown}
Potions
 d - 2 potions of might {@q3 !q}
 e - 3 potions of curing {unknown}
 g - a potion of degeneration {unknown}
 h - a potion of mutation {unknown}
 m - 3 potions of heal wounds {unknown}


   Skills:
 * Level 4.7 Fighting
 + Level 3.9 Axes
 - Level 3.2 Armour
 - Level 3.2 Shields


You had 4 spell levels left.
You didn't know any spells.
Your spell library was empty.

Dungeon Overview and Level Annotations

Branches:
Dungeon (4/15)
 Temple: D:4-7

Altars:
Ashenzari
Makhleb
Zin

Annotations:
D:7 Harold


Innate Abilities, Weirdness & Mutations

You are resistant to damage.
You can heal yourself by infusing magical energy.
You passively map a small area around you.
You do not regenerate.


Message History

f - 252 stones (gained 3)
f - 254 stones (gained 2)
f - 262 stones (gained 8)
k - 5 scrolls labeled PITHAU JIPOW (gained 1)
You see here a +0 dagger.
f - 264 stones (gained 2)
f - 265 stones (gained 1)
Found a pair of gloves.
Found a dagger.
Found 29 arrows.
You now have 217 gold pieces (gained 6).
You see here a dagger.
Found an escape hatch in the ceiling.
Found a leather armour.
w - 2 scrolls labeled NODUIPH UXTA (gained 1)
Found a ring mail.
You see here a ring mail.
You see here a ring mail.
Done exploring.
Done exploring.
Done exploring.
Done exploring.
Okay, then.
Done exploring.
Key pressed, stopping explore.
Done exploring.
(D) Dungeon
Where to? (Enter - D:3 @ (x,y), ? - help)
You see here a +0 dagger.
There is a stone staircase leading down here.
You climb downwards.
Found a stone staircase leading up.
There is a stone staircase leading up here.
You fall into a shaft and drop 3 floors!
The shaft crumbles and collapses.
A necrophage and Harold come into view.
Harold is wielding a +4 war axe of flaming.
Harold moves out of view.
Harold looks eager to get this over with.
Harold throws a throwing net.
The throwing net hits you.
You become entangled in the net!
You see here a throwing net {!f}.
You tear a large gash into the net.
Harold points at you and mumbles some strange words.
A sentinel's mark forms upon you.
The necrophage hits you but does no damage.
Unknown command.
You struggle against the net.
The necrophage completely misses you. Harold fires a harpoon shot at you.
The harpoon shot misses you.
Unknown command.
You shred the net and break free!
The necrophage hits you but does no damage.
Harold pauses a moment, imagining something with a smile on his face.
Harold throws a throwing net.
You block the throwing net.
A bullfrog zombie comes into view.
Found 12 gold pieces.
Found a stone staircase leading down.
Harold throws a throwing net.
The throwing net hits you.
You become entangled in the net!
You see here a throwing net {!f}.
You struggle against the net.
The necrophage hits you.
You feel your flesh rotting away!
You struggle against the net.
The necrophage barely misses you. The bullfrog zombie hits you.
You struggle against the net.
The bullfrog zombie hits you but does no damage.
The necrophage hits you.
You feel your flesh rotting away!
You struggle against the net.
The bullfrog zombie hits you but does no damage.
The necrophage hits you but does no damage.
You rip the net and break free!
You block the necrophage's attack.
You hit Harold but do no damage. The necrophage barely misses you.
Harold hits you with a +4 war axe of flaming!!
Harold burns you.
The necrophage hits you but does no damage.
You hit Harold.
Harold is lightly wounded.
You block Harold's attack. You block the necrophage's attack.
You feel much better. The necrophage hits you.
Harold hits you with a +4 war axe of flaming!
Harold burns you.
You hit Harold but do no damage.
Harold is lightly wounded.
You block the necrophage's attack. You block Harold's attack.
Your plate armour prevents you from hitting Harold.
Harold is lightly wounded.
You block the necrophage's attack. Harold hits you but does no damage.
The necrophage hits you but does no damage.
You closely miss Harold.
Harold hits you with a +4 war axe of flaming!
Harold burns you. The necrophage completely misses you.
Your shield and plate armour prevent you from hitting Harold.
Harold hits you with a +4 war axe of flaming!!
* * * LOW HITPOINT WARNING * * *
Harold burns you.
* * * LOW HITPOINT WARNING * * *
You block the necrophage's attack. x2
Harold hits you with a +4 war axe of flaming!
You die...

#.. , .#
#$####**.#
#.##.###.## ,,,
#.#.......# ,
#.##.###..# * ,
* ,
*#..(.....#...,
, ,
#.##.###..####
, *#n@Z.....##
, #@##.###.# *
#.##..# .# ,
#.###...@.* #..
..>. + , ###
*.# # * * *, *
,


You could see Harold, a necrophage and a bullfrog zombie.

Vanquished Creatures
  A crimson imp (D:3)
  3 gnolls (D:3)
  3 adders
  An ooze (D:2)
  A worm (D:2)
  A dart slug (D:3)
  3 leopard geckos
  An orc (D:3)
  A ball python (D:3)
  3 giant cockroaches
  10 goblins
  9 hobgoblins
  12 kobolds
  A quokka (D:2)
  4 bats
  4 frilled lizards
  10 rats
  3 bushes (D:1)
71 creatures vanquished.

Vanquished Creatures (others)
  17 plants
17 creatures vanquished.

Grand Total: 88 creatures vanquished

Notes
Turn   | Place    | Note
-------+----------+-------------------------------------------
     0 | D:1      | Ozzies the Deep Dwarf Fighter began the quest for the Orb.
     0 | D:1      | Reached XP level 1. HP: 20/20 MP: 1/1
   172 | D:1      | Reached skill level 3 in Fighting
   174 | D:1      | Reached XP level 2. HP: 28/28 MP: 2/2
   484 | D:1      | Reached XP level 3. HP: 34/34 MP: 3/3
   592 | D:1      | You fall into a shaft and drop 1 floor!
  1396 | D:2      | Reached skill level 4 in Fighting
  1396 | D:2      | Reached XP level 4. HP: 40/44 MP: 4/4
  2416 | D:3      | Found a glowing silver altar of Zin.
  2416 | D:3      | Noticed an angel
  2444 | D:3      | Found a broken altar of Ashenzari.
  2540 | D:3      | Found a burning altar of Makhleb.
  2550 | D:3      | Reached XP level 5. HP: 40/51 MP: 4/4
  2555 | D:3      | Became a worshipper of Makhleb the Destroyer
  2955 | D:4      | You fall into a shaft and drop 3 floors!
  2956 | D:7      | Noticed Harold
  2956 | D:7      | Noticed a necrophage
  2980 | D:7      | Mangled by Harold

Illustrated notes

Levels and vault maps discovered:
D:1:      dpeg_arrival_morbid_curiosity, layout_loops_ring,
          lexackson_kobold_supper
D:2:      wad_lake_hut, layout_basic
D:3:      layout_loops_cross, makhleb_grotto_becter,
          ashenzari_conservatory_becter, zin_angel
D:4:      layout_rooms, serial_shops, shop, uniq_edmund, uniq_robin,
          uniq_eustachio
D:7:      layout_loops_corners, lemuel_zombie_altar_kikubaaqudgha,
          minmay_temple_entry_butterflies, uniq_harold

Skill      XL: |  1  2  3 |
---------------+----------+-----
Fighting       | 3 4 |  4.7
Axes           | 3 |  3.9
Armour         | |  3.2
Shields        | |  3.2

Action                   |  1- 3 |  4- 6 || total
-------------------------+-------+-------++-------
Melee: War axe           |   127 |   104 ||   231
       Mace              |       |    63 ||    63
 Abil: Heal Wounds       |       |     3 ||     3
Armor: Scale mail        |    59 |    34 ||    93
       Plate armour      |       |    33 ||    33
Dodge: Dodged            |    53 |    23 ||    76
Block: Kite shield       |    66 |    65 ||   131

Table legend: (Time is in decaauts)
 A = Elapsed time spent in this place.
 B = Non-inter-level travel time spent in this place.
 C = Inter-level travel time spent in this place.
 D = Time resting spent in this place.
 E = Time spent auto-exploring this place.
 F = Levels seen in this place.
 G = Mean time per level.
                   A        B        C        D        E       F      G
               +--------+--------+--------+--------+--------+-----+--------+
         Total |   3141 |   2871 |    270 |      0 |   2168 |   5 |  628.2 |
       Dungeon |   3141 |   2871 |    270 |      0 |   2168 |   5 |  628.2 |
               +--------+--------+--------+--------+--------+-----+--------+

Top non-repeatable levels by time:
     D:1: 1244 daAuts
     D:2: 1101 daAuts
     D:3: 761 daAuts
     D:7: 26 daAuts
     D:4: 6 daAuts
